 Dungeon Crawl Stone Soup version 0.18.1-48-g4cf74bf (webtiles) character file.

75 RickumRackum the Vexing (level 4, -4/32 HPs)
             Began as a Vampire Enchanter on Aug 25, 2016.
             Was a Follower of Kikubaaqudgha.
             Slain by a worm (10 damage)
             ... on level 2 of the Dungeon.
             The game lasted 00:16:21 (1916 turns).

RickumRackum the Vexing (Vampire Enchanter)         Turns: 1916, Time: 00:16:22

Health: -4/32      AC:  4    Str:  7    XL:     4   Next: 11%
Magic:  4/7        EV: 13    Int: 17    God:    Kikubaaqudgha [*.....]
Gold:   127        SH:  0    Dex: 15    Spells: 3 memorised, 3 levels left

rFire  . . .     SeeInvis +     a - +1 dagger
rCold  . . .     Gourm    .     b - +1 robe
rNeg   + . .     Faith    .     (no shield)
rPois  .         Spirit   .     (no helmet)
rElec  .         Dismiss  .     (no cloak)
rCorr  .         Reflect  .     (no gloves)
SustAt .         Harm     .     (no boots)
MR     .....                    (no amulet)
Stlth  +++.......               (no ring)
                                j - +1 ring of protection

@: very slightly contaminated, not resistant to hostile enchantments, fairly
stealthy
A: fangs 3, see invisible, unbreathing
a: Bat Form, Receive Corpses, Renounce Religion


You were on level 2 of the Dungeon.
You worshipped Kikubaaqudgha.
Kikubaaqudgha was aware of your devotion.
You were not thirsty.

You visited 1 branch of the dungeon, and saw 2 of its levels.

You collected 127 gold pieces.

Inventory:

Hand Weapons
 a - a +1 dagger (weapon)
Armour
 b - a +1 robe (worn)
Jewellery
 j - a +1 ring of protection (left hand)
Scrolls
 f - 3 scrolls of identify
 h - 2 scrolls of teleportation {unknown}
 k - a scroll of remove curse {unknown}
Potions
 d - 20 potions of blood
 e - a potion of agility {unknown}
 g - a potion of brilliance {unknown}
 i - a potion of heal wounds {unknown}
 l - 3 potions of curing {unknown}
Books
 c - a book of Maledictions

   Spells                             Type                      Level
   a - Corona                         Hexes                        1
   b - Ensorcelled Hibernation        Hexes/Ice                    2
   c - Confuse                        Hexes                        3
   d - Tukima's Dance                 Hexes                        3
   e - Dazzling Spray                 Conjuration/Hexes            3
 m - Kikubaaqudgha's Catalogue of Black Rituals
   (Kikubaaqudgha gifted it to you on level 2 of the Dungeon)

   Spells                             Type                      Level
   a - Pain                           Necromancy                   1
   b - Corpse Rot                     Necromancy                   2
   c - Sublimation of Blood           Necromancy                   2
   d - Vampiric Draining              Necromancy                   3
   e - Control Undead                 Necromancy                   4


   Skills:
 + Level 1.0 Fighting
 + Level 1.5 Short Blades
 + Level 2.7 Dodging
 * Level 5.2 Stealth
 + Level 2.2 Spellcasting
 * Level 5.3 Hexes
 * Level 0.2 Necromancy
 + Level 0.2 Ice Magic


You had 3 spell levels left.
You knew the following spells:

 Your Spells              Type           Power        Failure   Level  Hunger
a - Corona                Hex            ###....      2%          1    #......
b - Ensorcelled Hibernat  Hex/Ice        ##....       12%         2    ###....
c - Pain                  Necr           #...         21%         1    #......


Dungeon Overview and Level Annotations

Branches:
Dungeon (2/15)

Altars:
Ashenzari
Kikubaaqudgha


Innate Abilities, Weirdness & Mutations

You have razor-sharp teeth.
You have supernaturally acute eyesight.
You can survive without breathing.


Message History

The worm barely misses you.
You hit the worm but do no damage.
The worm is moderately wounded.
You hit the worm.
The worm is heavily wounded.
The worm bites you.
* * * LOW HITPOINT WARNING * * *
You completely miss the worm.
The worm is moderately wounded.
You hit the worm but do no damage. You bite the worm.
The worm is severely wounded.
The worm bites you.
* * * LOW HITPOINT WARNING * * *
You hit the worm but do no damage.
The worm is heavily wounded.
You hit the worm but do no damage.
The worm is heavily wounded.
The worm bites you!
You die...
Kikubaaqudgha rasps: "You have failed me!
Welcome... oblivion!"

########.# #.. ##.)...##.#
#.. ##.#####.#.# #..
#.##.).##..# #..
#######.#$..?.#..# #..
#...[...#)..$.#.## ##.
#...#'#.#(/..(#.# #) #.
##.###wg!%##.# #.
#..#...'@###+#.## ###.
#..##.###+ #..# #...
#...#### #.## #.##
##.#....# #..#######.##
#....#..# #.....>..#.##
#.......## ##..#####.#.##
#.###....####...#####.#...
#.###.#.......#.##........
#.##.....#.####.##........


You could see a worm and a goblin.

Vanquished Creatures
  3 adders (D:2)
  2 dart slugs
  2 giant geckos
  A giant cockroach (D:1)
  6 goblins
  4 hobgoblins
  2 quokkas (D:2)
  9 bats
  2 giant newts (D:2)
  8 kobolds
  3 rats
42 creatures vanquished.

Notes
Turn   | Place    | Note
--------------------------------------------------------------
     0 | D:1      | RickumRackum the Vampire Enchanter began the quest for the Orb.
     0 | D:1      | Reached XP level 1. HP: 13/13 MP: 3/3
   510 | D:1      | Reached XP level 2. HP: 19/20 MP: 3/5
   530 | D:1      | Learned a level 2 spell: Ensorcelled Hibernation
  1022 | D:2      | Reached XP level 3. HP: 25/25 MP: 2/6
  1033 | D:2      | Reached skill level 5 in Hexes
  1042 | D:2      | Reached skill level 5 in Stealth
  1060 | D:2      | Reached skill level 1 in Fighting
  1134 | D:2      | Found a shattered altar of Ashenzari.
  1420 | D:2      | Found a faded altar to an unknown god.
  1428 | D:2      | Became a worshipper of Kikubaaqudgha
  1428 | D:2      | Reached * piety under Kikubaaqudgha
  1428 | D:2      | Received a gift from Kikubaaqudgha
  1428 | D:2      | Identified Kikubaaqudgha's Catalogue of Black Rituals (Kikubaaqudgha gifted it to you on level 2 of the Dungeon)
  1437 | D:2      | Learned a level 1 spell: Pain
  1550 | D:2      | Reached XP level 4. HP: 13/32 MP: 3/7
  1916 | D:2      | Slain by a worm

Skill      XL: |  1  2  3 |
---------------+----------+-----
Hexes          | 5 |  5.3
Stealth        | 5 |  5.2
Fighting       | 1 |  1.0
Short Blades   | |  1.5
Dodging        | |  2.7
Spellcasting   | |  2.2
Necromancy     | |  0.2
Ice Magic      | |  0.2

Action                   |  1- 3 |  4- 6 || total
-------------------------+-------+-------++-------
Melee: Dagger            |    96 |    30 ||   126
       Bite              |     9 |     4 ||    13
 Cast: Corona            |    22 |     3 ||    25
       Ensorcelled Hiber |     3 |     1 ||     4
       Pain              |     1 |       ||     1
  Use: Potion            |     2 |     1 ||     3
       Scroll            |     1 |       ||     1
 Stab: Sleeping          |    12 |     3 ||    15
  Eat: Corpse            |       |     1 ||     1
Armor: Robe              |    26 |     9 ||    35
Dodge: Dodged            |    59 |    16 ||    75
